AoeStats
← devellabs

Pilgrims

509194114Analyzed
2v2 RM · 8d ago on Sep 25, 2026· 15m 52s· 4 players
Game mode
Random Map
Map size
Medium (4 player)
Population
200
Speed
Normal
Resources
Standard
Victory
Conquest
Starting age
Dark Age
Ending age
Imperial Age
RankedLock teamsTeams togetherTeam positionsShared explorationLock speedFull tech treeHidden civsTurbo modeCheats
Victory
Defeat
🇨🇭 Italians · Switzerland
1290
+14
🇫🇷 Vikings · France
1242
+16
🇦🇷 Japanese · Argentina
1251
-15
🇦🇷 Persians · Argentina
1246
-15
c_Roi
7:19 Loom
9:51 Feudal Age
10:25 Double-Bit Axe
11:12 Town Watch
11:42 Fletching
devellabs
4:13 Loom
12:01 Feudal Age
12:39 Double-Bit Axe
[T41] Flavalon
2:30 Loom
10:04 Feudal Age
11:27 Town Watch
12:17 Wheelbarrow
14:10 Fletching
17:02 Castle Age
[T41] derba
3:43 Loom
4:21 Loom
11:16 Feudal Age
12:41 Man-at-Arms
13:07 Arson
15:43 Scale Mail Armor
15:53 Forging
Connection lost

Rejoining the realm…

Still unreachable

The connection could not be restored.

Session expired

The server has moved on; the page needs a fresh start.